 Dungeon Crawl Stone Soup version 0.18.1-48-g4cf74bf (console) character file.

19969 Kloppie the Grappler (level 12, -3/187 HPs)
             Began as a Troll Fighter on June 27, 2016.
             Was the Champion of Makhleb.
             Slain by an 11-headed hydra (7 damage)
             ... on level 4 of the Lair of Beasts.
             The game lasted 00:20:53 (10428 turns).

Kloppie the Grappler (Troll Fighter)               Turns: 10428, Time: 00:20:54

Health: -3/187     AC: 15    Str: 32    XL:     12   Next: 41%
Magic:  0/11       EV: 14    Int:  4    God:    Makhleb [******]
Gold:   425        SH: 12    Dex: 13    Spells: 0 memorised, 11 levels left

rFire  + . .     SeeInvis .       - Unarmed
rCold  + . .     Gourm    +     O - +2 robe {rC+ rF+}
rNeg   + . .     Faith    .     b - +0 shield
rPois  .         Spirit   +     K - +2 hat
rElec  .         Dismiss  .     A - +1 cloak
rCorr  .         Reflect  .     (gloves unavailable)
SustAt .         Harm     .     (boots unavailable)
MR     .....                    e - amulet of guardian spirit
Stlth  ..........               N - ring of positive energy
                                p - +3 ring of protection

@: berserking, lethally poisoned (-3 -> -4), very quick, not resistant to
hostile enchantments, extremely unstealthy
A: unfitting armour, claws 3, rugged brown scales 1, fast metabolism 3,
gourmand, regeneration 2, shaggy fur 1, tough skin 2
a: Minor Destruction, Lesser Servant of Makhleb, Major Destruction, Greater
Servant of Makhleb, Renounce Religion


You were on level 4 of the Lair of Beasts.
You worshipped Makhleb.
Makhleb was exalted by your worship.
You were very full.

You visited 2 branches of the dungeon, and saw 14 of its levels.
You also visited: Ossuary.

You collected 876 gold pieces.
You spent 451 gold pieces at shops.

Inventory:

Armour
 b - a +0 shield (worn)
 A - a +1 cloak (worn)
 F - the +2 robe of the Amoeba {+Fly rElec rCorr Int-5}
   (You found it on level 7 of the Dungeon)

   It affects your intelligence (-5).
   It insulates you from electricity.
   It lets you fly.
   It protects you from acid and corrosion.
 K - a +2 hat (worn)
 O - a +2 robe of resistance (worn)
Rods
 E - a +0 rod of ignition (12/12)
   (You found it on level 4 of the Lair of Beasts)
Jewellery
 e - an amulet of guardian spirit (around neck)
 p - a +3 ring of protection (left claw)
 N - a ring of positive energy (right claw)
Wands
 r - a wand of iceblast (9/15)
 w - a wand of acid (6/15)
 y - a wand of confusion (31/48)
 G - a wand of slowing (40/48)
 J - a wand of digging (17/24)
 L - a wand of disintegration (5/24)
Scrolls
 a - 2 scrolls of fog
 f - 7 scrolls of remove curse
 j - 4 scrolls of teleportation
 s - a scroll of fear
 H - a scroll of silence
 M - 2 scrolls of recharging
 Q - a scroll of enchant armour
Potions
 h - 3 potions of heal wounds
 k - 3 potions of flight
 m - a potion of ambrosia
 n - 9 potions of curing
 o - 6 potions of agility
 u - a potion of might
 v - 4 potions of degeneration {unknown}
 x - 2 potions of mutation {unknown}
 z - 3 potions of brilliance {unknown}
 B - a potion of magic
 C - a potion of cancellation
 I - a potion of resistance
Comestibles
 d - 9 bread rations
 g - a royal jelly
 i - 14 slices of pizza
 l - a beef jerky
 q - 6 fruits
 t - 7 meat rations
 D - 17 chunks of flesh


   Skills:
 + Level 8.8 Fighting
 + Level 8.7 Dodging
 - Level 9.0 Shields
 + Level 11.7 Unarmed Combat


You had 11 spell levels left.
You didn't know any spells.

Dungeon Overview and Level Annotations

Branches:
Dungeon (10/15)            Temple (0/1) D:6            Lair (4/8) D:10
  Snake (0/4) Lair:4          Orc (0/2) D:10
  Swamp: Lair:3-6    Shoals: Lair:3-6

Altars:
Ashenzari
Cheibriados
Dithmenos
Fedhas
Gozag
Kikubaaqudgha
Makhleb
Nemelex Xobeh
Pakellas
Ru
Vehumet
Xom
Yredelemnul
The Shining One

Shops:
D:5 }   D:7 ?   D:8 ?*%:   D:9 [*


Innate Abilities, Weirdness & Mutations

You are too large for most types of armour.
You have claws for hands.
Your metabolism is lightning-fast.
You like to eat raw meat.
You heal very quickly.
You are covered in fur (AC +1).
You have very tough skin (AC +2).
You are partially covered in rugged brown scales (AC +1, +3% HP).


Message History

The ten-headed hydra bites you but does no damage.
You completely miss the ten-headed hydra.
The ten-headed hydra is heavily wounded.
You feel sick.
The black mamba bites you but does no damage.
You claw one of the ten-headed hydra's heads off!
The nine-headed hydra grows two more!
You mangle the 11-headed hydra!!
The 11-headed hydra is severely wounded.
You feel sick. You block the black mamba's attack.
The 11-headed hydra closely misses you.
The 11-headed hydra bites you but does no damage.
You block the 11-headed hydra's attack. The 11-headed hydra bites you.
* * * LOW HITPOINT WARNING * * *
The 11-headed hydra bites you but does no damage.
The 11-headed hydra bites you!
* * * LOW HITPOINT WARNING * * *
The 11-headed hydra bites you!
* * * LOW HITPOINT WARNING * * *
The 11-headed hydra bites you!
You die...

≈≈...≈≈≈...............#
≈≈P.≈.≈≈≈...............
.......≈≈≈.###..........
≈..>..P≈≈..##...........
....≈..≈≈..###..........
≈...≈≈≈≈≈.##.......<...#
≈≈...≈≈≈.≈#.....%†.....#
≈≈≈≈≈≈≈.#........S......
.≈≈≈≈≈.).†...%..@.......
≈##.............D......% #
#.....................
###P....................
.#......................
...†.................P..
#.#..........%.......P..
###............P.....#...##
#........................


You could see a 11-headed hydra and a black mamba.

Vanquished Creatures
  A hydra (Lair:3)
  Sonja (Lair:2)
  Pikel (D:9)
  A hill giant (D:7)
  A griffon (Lair:4)
  A centaur zombie (D:10)
  4 elephants (Lair:4)
  Maurice (D:8)
  A black mamba (Lair:2)
  2 spiny frogs (Lair:3)
  Joseph (D:8)
  2 komodo dragons (Lair:4)
  12 blink frogs
  Grinder (D:5)
  Prince Ribbit (D:8)
  Sigmund (D:2)
  A spriggan (D:8)
  2 basilisks
  23 yaks
  2 hippogriffs
  The ghost of Kloppie the Shield-Bearer, an amateur FoFi (D:3)
  Menkaure (D:6)
  3 nagas (Lair:4)
  3 porcupines
  4 water moccasins
  3 ice beasts
  A phantom (D:9)
  A sky beast (D:7)
  5 ogres
  A centaur (D:7)
  4 crocodiles
  14 giant frogs
  A gnoll sergeant (D:6)
  4 water moccasin zombies (Ossuary)
  5 scorpions
  4 killer bees (D:7)
  7 howler monkeys
  3 jellies
  A wasp zombie (D:10)
  A giant frog zombie (D:5)
  3 hounds
  3 giant frog skeletons
  5 orc wizards
  A gnoll shaman (D:6)
  7 orc priests
  Jessica (D:2)
  5 iguanas
  9 hell rats (Lair:1)
  7 worker ants
  7 sheep (Lair:1)
  3 big kobold zombies (Ossuary)
  A hound skeleton (D:5)
  3 mummies
  2 worker ant zombies
  19 gnolls
  43 river rats
  13 adders
  2 shadow imps
  3 oozes
  4 adder zombies
  4 dart slugs
  3 worms
  5 giant geckos
  28 orcs
  7 giant cockroaches
  7 goblins
  3 hobgoblins
  11 jackals
  3 quokkas
  A ball python (D:1)
  6 bats
  A giant gecko zombie (D:7)
  5 giant newts
  2 gnoll zombies (Ossuary)
  4 hobgoblin zombies (Ossuary)
  8 kobolds
  4 kobold zombies (Ossuary)
  5 orc zombies (Ossuary)
  2 quokka skeletons
  27 rats
404 creatures vanquished.

Vanquished Creatures (others)
  A yak (Lair:4)
  2 jackals (D:9)
  A fungus (Lair:4)
  A plant (Lair:4)
5 creatures vanquished.

Grand Total: 409 creatures vanquished

Notes
Turn   | Place    | Note
--------------------------------------------------------------
     0 | D:1      | Kloppie the Troll Fighter began the quest for the Orb.
     0 | D:1      | Reached XP level 1. HP: 22/22 MP: 0/0
   182 | D:1      | Reached XP level 2. HP: 29/29 MP: 1/1
   520 | D:1      | Reached XP level 3. HP: 36/36 MP: 2/2
   725 | D:2      | Noticed Jessica
   736 | D:2      | Killed Jessica
   736 | D:2      | Reached skill level 3 in Unarmed Combat
   825 | D:2      | Reached XP level 4. HP: 44/44 MP: 3/3
   973 | D:2      | Found a shadowy altar of Dithmenos.
  1040 | D:2      | Noticed Sigmund
  1057 | D:2      | Killed Sigmund
  1057 | D:2      | Reached skill level 4 in Unarmed Combat
  1057 | D:2      | Reached XP level 5. HP: 23/50 MP: 4/4
  1154 | D:2      | Reached XP level 6. HP: 59/59 MP: 5/5
  1583 | D:3      | Found a radiant altar of Vehumet.
  1602 | D:3      | Found an oddly glowing altar of Pakellas.
  1687 | D:3      | Reached skill level 5 in Unarmed Combat
  1886 | D:3      | Found a shimmering altar of Xom.
  2058 | D:3      | Noticed Kloppie's ghost (amateur FoFi)
  2069 | D:3      | Killed Kloppie's ghost
  2339 | D:4      | Reached skill level 5 in Shields
  2339 | D:4      | Reached XP level 7. HP: 64/66 MP: 6/6
  2355 | D:4      | Found a burning altar of Makhleb.
  2360 | D:4      | Noticed an Executioner
  2363 | D:4      | Noticed a neqoxec
  2363 | D:4      | Noticed a neqoxec
  2365 | D:4      | Became a worshipper of Makhleb the Destroyer
  2576 | D:4      | Reached skill level 6 in Unarmed Combat
  2644 | D:4      | Found an oddly glowing altar of Pakellas.
  2899 | D:4      | Reached * piety under Makhleb
  3016 | D:5      | Entered Level 5 of the Dungeon
  3036 | D:5      | Reached XP level 8. HP: 70/74 MP: 4/7
  3132 | D:5      | Found a radiant altar of Vehumet.
  3132 | D:5      | Noticed Grinder
  3139 | D:5      | Killed Grinder
  3139 | D:5      | Reached skill level 7 in Unarmed Combat
  3153 | D:5      | Found a sand-covered staircase.
  3158 | Ossuary  | Entered an ossuary
  3202 | Ossuary  | Reached ** piety under Makhleb
  3420 | D:5      | Reached skill level 8 in Unarmed Combat
  3859 | D:5      | Found Wioce's Gadget Shoppe.
  3906 | D:5      | Reached XP level 9. HP: 80/80 MP: 8/8
  4176 | D:5      | Reached *** piety under Makhleb
  4230 | D:6      | Noticed Menkaure
  4240 | D:6      | Killed Menkaure
  4336 | D:6      | Reached skill level 9 in Unarmed Combat
  4373 | D:6      | Found a staircase to the Ecumenical Temple.
  4524 | D:6      | Found a sacrificial altar of Ru.
  4574 | D:6      | Found a basalt altar of Yredelemnul.
  4694 | D:6      | Found an opulent altar of Gozag.
  4844 | D:7      | Noticed a hill giant
  4858 | D:7      | Killed a hill giant
  4858 | D:7      | Reached skill level 10 in Unarmed Combat
  5007 | D:7      | Reached **** piety under Makhleb
  5016 | D:7      | Found Domae's Magic Scroll Emporium.
  5020 | D:7      | Bought a scroll of torment for 97 gold pieces
  5027 | D:7      | Got a slimy robe
  5030 | D:7      | Reached XP level 10. HP: 88/88 MP: 9/9
  5041 | D:7      | Identified the +2 robe of the Amoeba {+Fly rElec rCorr Int-5} (You found it on level 7 of the Dungeon)
  5041 | D:7      | Lost intelligence.
  5350 | D:7      | Found a sparkling altar of Nemelex Xobeh.
  5487 | D:8      | Found Heumilukk's Magic Scroll Shoppe.
  5498 | D:8      | Bought a scroll of silence for 97 gold pieces
  5541 | D:8      | Found Arogitz's Food Boutique.
  5546 | D:8      | Found Burhehi's Assorted Antiques.
  5563 | D:8      | Bought a sedimented coppery potion for 20 gold pieces
  5563 | D:8      | Bought a shiny brass wand for 92 gold pieces
  5692 | D:8      | Noticed Prince Ribbit
  5710 | D:8      | Killed Prince Ribbit
  5768 | D:8      | Noticed Maurice
  5792 | D:8      | Killed Maurice
  5901 | D:8      | Found Tofiff's Book Shop.
  5930 | D:8      | Noticed Joseph
  5939 | D:8      | Killed Joseph
  5957 | D:8      | Found a sparkling altar of Nemelex Xobeh.
  6001 | D:8      | Found an ancient bone altar of Kikubaaqudgha.
  6001 | D:8      | Found a blossoming altar of Fedhas.
  6284 | D:9      | Found a snail-covered altar of Cheibriados.
  6342 | D:9      | Found Wibubb's Antique Armour Shop.
  6361 | D:9      | Bought an embroidered hat for 100 gold pieces
  6361 | D:9      | Bought a glowing robe for 17 gold pieces
  6409 | D:9      | Noticed Pikel
  6431 | D:9      | Killed Pikel
  6431 | D:9      | Reached skill level 5 in Fighting
  6431 | D:9      | Reached skill level 5 in Dodging
  6486 | D:9      | Found a shattered altar of Ashenzari.
  6623 | D:9      | Found Fuak's General Store.
  6626 | D:9      | Reached ***** piety under Makhleb
  6632 | D:9      | Bought a scroll of identify for 28 gold pieces
  6633 | D:9      | Gained mutation: You are partially covered in rugged brown scales (AC +1, +3% HP). [potion of beneficial mutation]
  6653 | D:9      | Found a glowing golden altar of the Shining One.
  6834 | D:10     | Entered Level 10 of the Dungeon
  7064 | D:10     | Found a staircase to the Lair.
  7205 | D:10     | Found a staircase to the Orcish Mines.
  7473 | Lair:1   | Entered Level 1 of the Lair of Beasts
  7530 | Lair:1   | Reached XP level 11. HP: 41/108 MP: 3/10
  8177 | Lair:1   | Reached ****** piety under Makhleb
  9024 | Lair:2   | Noticed Sonja
  9034 | Lair:2   | Killed Sonja
  9595 | Lair:3   | Noticed a seven-headed hydra
  9608 | Lair:3   | Killed a 17-headed hydra
  9608 | Lair:3   | Reached skill level 11 in Unarmed Combat
 10156 | Lair:4   | Reached XP level 12. HP: 122/122 MP: 9/11
 10264 | Lair:4   | Found a staircase to the Snake Pit.
 10415 | Lair:4   | Noticed a four-headed hydra
 10428 | Lair:4   | HP: 4/187 [11-headed hydra (11)]
 10428 | Lair:4   | Slain by an 11-headed hydra

Skill      XL: |  1  2  3  4  5  6  7  8  9 10 11 |
---------------+----------------------------------+-----
Shields        | 3 4 5 6 7 9 |  9.0
Unarmed Combat | 3 4 5 6 8 10 11 | 11.7
Fighting       | 5 8 |  8.8
Dodging        | 5 8 |  8.7

Action                   |  1- 3 |  4- 6 |  7- 9 | 10-12 || total
-------------------------+-------+-------+-------+-------++-------
Melee: Unarmed           |    76 |   162 |   387 |   776 ||  1401
Evoke: Wand              |       |       |       |     1 ||     1
  Use: Potion            |     1 |     1 |     2 |     4 ||     8
       Scroll            |       |     9 |     9 |    10 ||    28
 Stab: Sleeping          |     2 |       |     1 |     3 ||     6
  Eat: Chunk             |    13 |    13 |    27 |    51 ||   104
Armor: Robe              |    22 |    22 |    85 |   215 ||   344
Dodge: Dodged            |    27 |    40 |   123 |   330 ||   520
Block: Shield            |    34 |    70 |   201 |   453 ||   758
